 Dungeon Sprint DCSS version 0.28.0 (webtiles) character file.

Game seed: 15800706771602217110

219 boopmooplesden the Covered (level 5, -1/53 HPs)
             Began as a Minotaur Fighter on Feb 11, 2022.
             Was a Follower of Okawaru.
             Killed from afar by an efreet (14 damage)
             ... with a bolt of fire
             ... in the Dungeon (Sprint VII: "The Pits").
             The game lasted 00:01:27 (647 turns).

boopmooplesden the Covered (Minotaur Fighter)        Turns: 647, Time: 00:01:28

Health: -1/53      AC: 15    Str: 23    XL:     5   Next: 64%
Magic:  2/4        EV: 10    Int:  5    God:    Okawaru [*.....]
Gold:   0          SH:  6    Dex:  9    Spells: 4/4 levels left

rFire   . . .      SeeInvis .   p - +2 long sword (flame)
rCold   . . .      Faith    .   c - +0 buckler
rNeg    . . .      Spirit   .   o - +3 chain mail
rPois   .          Reflect  .   (helmet restricted)
rElec   .          Harm     .   (no cloak)
rCorr   .          Rampage  .   (no gloves)
Will    .....      NoTele   +   (no boots)
Stlth   ..........              (no amulet)
HPRegen 0.17/turn               (no ring)
MPRegen 0.09/turn               (no ring)

@: heroic
A: horns 2, retaliatory headbutt
a: Renounce Religion, Heroism


You were in the Dungeon.
You worshipped Okawaru.
Okawaru was aware of your devotion.
You visited 1 branch

Inventory:

Hand Weapons
 a - a +0 long sword
 n - a +2 falchion
 p - a +2 long sword of flaming (weapon)
Armour
 b - a +0 scale mail
 c - a +0 buckler (worn)
 o - a +3 chain mail (worn)
Scrolls
 j - a scroll of blinking
 l - 5 scrolls of amnesia
 m - a scroll of summoning
Potions
 d - a potion of might
 e - 6 potions of curing
 f - 4 potions of heal wounds
 g - a potion of haste
 h - 4 potions of magic
 i - 3 potions of berserk rage
 k - 2 potions of invisibility


   Skills:
 + Level 7.8(12.8) Fighting
 + Level 7.2(12.2) Long Blades
 + Level 7.9(12.9) Armour
 + Level 2.4(7.4) Dodging
 + Level 7.6(12.6) Shields


You had 4 spell levels left.
You didn't know any spells.
Your spell library was empty.

Dungeon Overview and Level Annotations

Branches:
Dungeon (1/1)

Altars:
Ashenzari
Cheibriados
Dithmenos
Elyvilon
Fedhas
Gozag
Hepliaklqana
Kikubaaqudgha
Makhleb
Nemelex Xobeh
Okawaru
Qazlal
Ru
Sif Muna
Trog
Uskayaw
Vehumet
Wu Jian
Xom
Yredelemnul
Zin
The Shining One
Beogh
Jiyva
Lugonu


Innate Abilities, Weirdness & Mutations

You have a pair of horns on your head.
You reflexively headbutt those who attack you in melee.


Message History

You feel like a meek peon again.
You start resting.
Magic restored.
You start resting.
HP restored.
You open the door.
An efreet comes into view.
It is wielding a +1 scimitar of flaming.
The efreet gestures at you.
The fireball explodes!
The fireball engulfs you!! The efreet gestures at you.
The bolt of fire misses you.
There is an open door, spattered with blood here.
You feel much better.
You gain the combat prowess of a mighty hero.
The efreet gestures at you. The bolt of fire misses you.
The efreet gestures at you.
The fireball explodes!
The fireball engulfs you!!
The fireball engulfs the efreet.
The efreet completely resists.
There is an open door, spattered with blood here.
You barely miss the efreet.
The efreet hits you with a +1 scimitar of flaming.
The efreet burns you.
You hit the efreet but do no damage.
The efreet hits you with a +1 scimitar of flaming!
The efreet burns you.
* * * LOW HITPOINT WARNING * * *
You barely miss the efreet.
You headbutt the efreet, but do no damage.
The efreet hits you with a +1 scimitar of flaming!
* * * LOW HITPOINT WARNING * * *
The efreet burns you.
* * * LOW HITPOINT WARNING * * *
You feel much better. The efreet gestures at you. The bolt of fire hits you!
* * * LOW HITPOINT WARNING * * *
The efreet gestures at you. The bolt of fire hits you!
You die...

#.#...)).[.##.......#
#.#...)))..##.......#
#'###########.......#
#.......# #########
#..#.#..# #.##.##.#
#..)....#+#
#.##.##.#.+
#..#.#..#@#
#.......'R#
###########


You could see an efreet.

Vanquished Creatures
  A necrophage (D)
  A gnoll sergeant (D)
  A quasit (D)
  2 river rats (D)
  A white imp (D)
  An ufetubus (D)
  2 giant cockroaches (D)
  2 goblins (D)
  A hobgoblin (D)
  2 bats (D)
  2 frilled lizards (D)
  A kobold (D)
17 creatures vanquished.

Notes
Turn   | Place    | Note
-------+----------+-------------------------------------------
     0 | D        | boopmooplesden the Minotaur Fighter began the quest for the
                  | Orb.
     0 | D        | Reached XP level 1. HP: 19/19 MP: 0/0
    41 | D        | Found a glowing golden altar of the Shining One.
    41 | D        | Found a glowing silver altar of Zin.
    41 | D        | Found a basalt altar of Yredelemnul.
    41 | D        | Found a shimmering altar of Xom.
    41 | D        | Found an ornate altar of the Wu Jian Council.
    41 | D        | Found a bloodstained altar of Trog.
    41 | D        | Found a shimmering blue altar of Sif Muna.
    41 | D        | Found a sacrificial altar of Ru.
    41 | D        | Found a stormy altar of Qazlal.
    41 | D        | Found an iron altar of Okawaru.
    41 | D        | Found a sparkling altar of Nemelex Xobeh.
    41 | D        | Found a burning altar of Makhleb.
    41 | D        | Found a viscous altar of Jiyva.
    41 | D        | Found a hazy altar of Hepliaklqana.
    41 | D        | Found an opulent altar of Gozag.
    41 | D        | Found a blossoming altar of Fedhas.
    41 | D        | Found a white marble altar of Elyvilon.
    41 | D        | Found a shadowy altar of Dithmenos.
    41 | D        | Found a snail-covered altar of Cheibriados.
    42 | D        | Found a radiant altar of Vehumet.
    42 | D        | Found a corrupted altar of Lugonu.
    43 | D        | Found a hide-covered altar of Uskayaw.
    43 | D        | Found an ancient bone altar of Kikubaaqudgha.
    43 | D        | Found a broken altar of Ashenzari.
    47 | D        | Became a worshipper of Warmaster Okawaru
    71 | D        | Reached XP level 2. HP: 28/28 MP: 1/1
    80 | D        | Noticed a necrophage
    91 | D        | Killed a necrophage
    91 | D        | Reached * piety under Okawaru
    92 | D        | Reached skill level 5 in Long Blades
    92 | D        | Reached skill level 1 in Dodging
    92 | D        | Reached XP level 3. HP: 18/38 MP: 2/2
    92 | D        | Reached XP level 4. HP: 21/45 MP: 3/3
   322 | D        | Reached XP level 5. HP: 52/52 MP: 4/4
   637 | D        | Noticed an efreet
   647 | D        | Killed from afar by an efreet

Illustrated notes

Levels and vault maps discovered:
D:        pitsprint [storerooms_1, entrance_room_1, metal_vault_3, armoury_2,
          mini_pit_1, grid_room_1, main_hall_1, silver_pit, the_coven_2,
          the_vestibule_1, steel_vault_4, golden_pit, hallway_of_sentries,
          crystal_vault_4, iron_vault_1, final_vault]

Skill      XL: |  1  2  3  4  5 |
---------------+----------------+-----
Fighting       | 4 6 7 |  7.8
Armour         | 4 6 7 |  7.9
Shields        | 4 6 7 |  7.6
Long Blades    | 5 7 |  7.2
Dodging        | 1 2 |  2.4

Action                   |  1- 3 |  4- 6 || total
-------------------------+-------+-------++-------
Melee: Falchion          |    19 |     2 ||    21
       Long sword        |     5 |    31 ||    36
       Headbutt          |     1 |     6 ||     7
Invok: Heroism           |       |     2 ||     2
  Use: Potion            |       |     2 ||     2
Armor: Scale mail        |    14 |       ||    14
       Chain mail        |       |    15 ||    15
Dodge: Dodged            |    14 |    17 ||    31
Block: Buckler           |     9 |     4 ||    13
